 Dungeon Crawl Stone Soup version 0.30-a0-414-gcb316572d5 (webtiles) character file.

Game seed: 8587252399591172029

52 rocky1 the Covered (level 3, -3/36 HPs)
             Began as a Gargoyle Fighter on Dec 8, 2022.
             Slain by Crazy Yiuf
             ... wielding a +4 quarterstaff of chaos
              (10 damage)
             ... on level 2 of the Dungeon.
             The game lasted 00:03:09 (969 turns).

rocky1 the Covered (Gargoyle Fighter)                Turns: 969, Time: 00:03:09

Health: -3/36      AC: 10    Str: 19    XL:     3   Next: 85%
Magic:  3/3        EV:  9    Int:  8    God:
Gold:   36         SH:  4    Dex: 11    Spells: 2/2 levels left

rFire   . . .      SeeInvis .    a - +0 flail
rCold   . . .      Faith    .    c - +0 buckler
rNeg    + . .      Spirit   .    b - +0 scale mail
rPois   ∞          Reflect  .    (no helmet)
rElec   +          Harm     .    (no cloak)
rCorr   .          Rampage  .    (no gloves)
Will    .....                    (no boots)
Stlth   ..........               (no amulet)
HPRegen 0.26/turn                (no ring)
MPRegen 0.08/turn                (no ring)

@: berserking, very quick
A: sickness immunity, AC +3, negative energy resistance 1, electricity
resistance, torment resistance 1, petrification resistance
a: no special abilities


You were on level 2 of the Dungeon.
You visited 1 branch of the dungeon, and saw 2 of its levels.

You collected 62 gold pieces.
You spent 26 gold pieces at shops.

Inventory:

Hand Weapons
 a - a +0 flail (weapon)
Armour
 b - a +0 scale mail (worn)
 c - a +0 buckler (worn)
Scrolls
 e - 2 scrolls of vulnerability
 g - a scroll of identify
 h - a scroll of fear {unknown}
 i - 2 scrolls of amnesia {unknown}
Potions
 d - a potion of might


   Skills:
 + Level 3.7 Fighting
 + Level 2.9 Maces & Flails
 + Level 3.7 Armour
 + Level 0.4 Dodging
 + Level 3.6 Shields


You had 2 spell levels left.
You didn't know any spells.
Your spell library contained the following spells:

 Spells                   Type           Power      Damage    Failure   Level
 Slow                     Hex            0%         N/A       86%         1
 Confusing Touch          Hex            0%         N/A       99%         3
 Vampiric Draining        Necr           0%         2d6       99%         3


Dungeon Overview and Level Annotations

Branches:
Dungeon (2/15)

Altars:

Shops:
D:1 ?[?

Annotations:
D:2 Crazy Yiuf


Innate Abilities, Weirdness & Mutations

You are immune to sickness and miasma.
Your stone body is resilient. (AC +3)
You are immune to poison.
You resist negative energy. (rN+)
You are resistant to electric shocks. (rElec)
You are resistant to unholy torment.
You are immune to petrification.


Message History

The dart slug is almost dead.
The dart slug bites you but does no damage.
A dart slug is nearby!
You hit the dart slug.
You kill the dart slug!
No target in view!
h - a scroll labelled XIRCHY AFFUOSH You see here a dart slug corpse.
i - 2 scrolls labelled PELLA DOG SUSI
Found a hammer.
Found a runed translucent door.
Crazy Yiuf shouts!
As you open the door, it creaks loudly!
Crazy Yiuf drinks a potion.
Crazy Yiuf goes berserk!
As you close the door, it creaks loudly!
Crazy Yiuf breaks down the door.
Okay, then.
Crazy Yiuf attacks as you move away!
Crazy Yiuf hits you with a +4 quarterstaff of chaos!
Ouch! That really hurt!
You resist with significant effort.
Crazy Yiuf rages.
Okay, then.
Really read the scroll of torment?
As you read the scroll of torment, it crumbles to dust.
Your body is wracked with pain!
Crazy Yiuf convulses!
Crazy Yiuf closely misses you. You block Crazy Yiuf's attack.
You barely miss Crazy Yiuf.
Crazy Yiuf is heavily wounded.
You block Crazy Yiuf's attack. Crazy Yiuf barely misses you.
You closely miss Crazy Yiuf.
Crazy Yiuf is heavily wounded.
Crazy Yiuf hits you with a +4 quarterstaff of chaos.
* * * LOW HITPOINT WARNING * * *
A red film seems to cover your vision as you go berserk!
You feel yourself moving faster!
You feel mighty! Crazy Yiuf closely misses you.
You hit Crazy Yiuf.
Crazy Yiuf is severely wounded.
Crazy Yiuf hits you with a +4 quarterstaff of chaos!
You die...

### #.# ##.#
#######†.##♣♣ ###
#...........♣♣ ♣♣#..)#
#............♣♣♣♣g'...#
#.............♣.@♣#...#
#............♣.♣♣♣ ###
#........##♣♣♣♣♣
#.....†..#
####†############ # #.#
#.......#
####.####..##.#.#
##............#.#
##.###....)##.#.#


You could see Crazy Yiuf (berserk).

Vanquished Creatures
  2 dart slugs
  3 orcs (D:2)
  4 endoplasms
  A giant cockroach (D:1)
  2 goblins (D:2)
  7 hobgoblins
  4 jackals (D:1)
  3 quokkas (D:1)
  3 ball pythons
  3 frilled lizards (D:1)
  4 kobolds
  3 rats
39 creatures vanquished.

Notes
Turn   | Place    | Note
-------+----------+-------------------------------------------
     0 | D:1      | rocky1 the Gargoyle Fighter began the quest for the Orb.
     0 | D:1      | Reached XP level 1. HP: 14/14 MP: 1/1
    89 | D:1      | Found Tykhliat's Magic Scroll Shop.
   159 | D:1      | Reached XP level 2. HP: 16/19 MP: 2/2
   201 | D:1      | Found Wisoitet's Antique Armour Boutique.
   389 | D:1      | Reached XP level 3. HP: 23/23 MP: 3/3
   689 | D:1      | Found a faded altar of an unknown god.
   757 | D:1      | Found Goysitz's Magic Scroll Emporium.
   762 | D:1      | Bought a scroll of identify for 26 gold pieces
   959 | D:2      | Found a runed translucent door.
   960 | D:2      | Noticed Crazy Yiuf
   969 | D:2      | Slain by Crazy Yiuf

Illustrated notes

Levels and vault maps discovered:
D:1:      roderic_chinese_lattice_arrival, layout_basic, basic_ecumenical_altar,
          serial_shops, shop, nicolae_shop_trees, shop, serial_park_tiny_2
D:2:      layout_basic, serial_shops, shop, guppyfry_early_orc_mine,
          uniq_crazy_yiuf_cottage

Action                   || total
-------------------------++-------
Melee: Flail             ||   131
  Use: Scroll            ||     3
Armor: Scale mail        ||    72
Dodge: Dodged            ||    55
Block: Buckler           ||    23

Table legend: (Time is in decaauts)
 A = Elapsed time spent in this place.
 B = Non-inter-level travel time spent in this place.
 C = Inter-level travel time spent in this place.
 D = Time resting spent in this place.
 E = Time spent auto-exploring this place.
 F = Levels seen in this place.
 G = Mean time per level.
                   A        B        C        D        E       F      G
               +--------+--------+--------+--------+--------+-----+--------+
         Total |   1011 |    989 |     22 |     36 |    662 |   2 |  505.5 |
       Dungeon |   1011 |    989 |     22 |     36 |    662 |   2 |  505.5 |
               +--------+--------+--------+--------+--------+-----+--------+

Top non-repeatable levels by time:
     D:1: 835 daAuts
     D:2: 176 daAuts
